 Dungeon Crawl Stone Soup version 0.31-a0-1-g4198be8af4 (webtiles) character file.

Game seed: 6275106829676102250

7391 erloom the Cleaver (level 10, -7/94 HPs)
             Began as a Minotaur Fighter on May 1, 2023.
             Was a Believer of Qazlal.
             Killed by divine providence
             ... invoked by a meliai
              (10 damage)
             ... on level 10 of the Dungeon.
             The game lasted 00:24:24 (9377 turns).

erloom the Cleaver (Minotaur Fighter)               Turns: 9377, Time: 00:24:26

Health: -7/94      AC: 17    Str: 24    XL:     10   Next: 92%
Magic:  12/12      EV: 12    Int:  7    God:    Qazlal [**....]
Gold:   325        SH:  8    Dex:  9    Spells: 9/9 levels left

rFire   + . .        O - +3 war axe
rCold   + . .        c - +0 buckler
rNeg    . . .        d - +0 plate armour
rPois   .            (helmet restricted)
rElec   .            H - scarf {rC+ rF+}
rCorr   .            (no gloves)
SInv    .            N - +2 pair of boots
Will    .....        (no amulet) Stlth
                     g - +5 ring of evasion
HPRegen 0.35/turn    (no ring)
MPRegen 0.13/turn

%: no passive effects
@: lethally poisoned (-7 -> -14)
A: horns 2, retaliatory headbutt
a: Renounce Religion, Upheaval


You were on level 10 of the Dungeon.
You worshipped Qazlal.
Qazlal was pleased with you.
You visited 2 branches of the dungeon, and saw 11 of its levels.

You collected 455 gold pieces.
You spent 130 gold pieces at shops.

Inventory:

Hand Weapons
 a - a +0 war axe
 p - a +5 hand axe of freezing
 O - a +3 war axe (weapon)
Missiles
 b - a throwing net (quivered)
Armour
 c - a +0 buckler (worn)
 d - a +0 plate armour (worn)
 k - a +0 cloak
 o - a scarf of repulsion
 C - a +0 chain mail
 H - a scarf of resistance (worn)
 N - a +2 pair of boots (worn)
Jewellery
 g - a +5 ring of evasion (left hand)
 D - the ring "Zismaup Sera" {Fire rElec rCorr Str-5}
   (You bought it in a shop on level 3 of the Dungeon)

   [ring of fire]

   It enhances your fire magic.
   Str:       It affects your strength (-5).
   rF:        It protects you from fire.
   rC:        It makes you vulnerable to cold.
   rElec:     It insulates you from electricity.
   rCorr:     It protects you from acid and corrosion.
Wands
 w - a wand of mindburst (2)
 y - a wand of light (22)
 L - a wand of polymorph (8)
 M - a wand of iceblast (8)
Scrolls
 e - 2 scrolls of enchant armour
 f - 2 scrolls of identify
 m - 3 scrolls of teleportation
 r - 2 scrolls of fear
 u - 3 scrolls of immolation {unknown}
 v - a scroll of poison
 x - 2 scrolls of vulnerability {unknown}
 F - a scroll of magic mapping {unknown}
 K - a scroll of brand weapon {unknown}
 P - a scroll of noise {unknown}
Potions
 h - 5 potions of lignification
 l - 6 potions of heal wounds {unknown}
 n - a potion of cancellation
 q - 2 potions of brilliance
 s - a potion of attraction
 t - a potion of magic
 z - 2 potions of resistance
 A - a potion of ambrosia
 B - 3 potions of degeneration {unknown}
 E - 2 potions of flight
 G - a potion of might
 I - 3 potions of curing
 J - a potion of haste


   Skills:
 + Level 10.9 Fighting
 + Level 13.4 Axes
 + Level 9.3 Armour
 - Level 5.0 Shields
 + Level 4.3 Invocations
 - Level 2.0 Evocations


You had 9 spell levels left.
You didn't know any spells.
Your spell library contained the following spells:

 Spells                   Type           Power      Damage    Failure   Level
 Sandblast                Erth           0%         2d4       100%        1
 Passwall                 Tmut/Erth      0%         N/A       100%        2
 Static Discharge         Conj/Air       0%         2-2/arc   100%        2
 Inner Flame              Hex/Fire       0%         N/A       100%        3
 Stone Arrow              Conj/Erth      0%         3d7       100%        3
 Airstrike                Air            0%         2d(0-16)  100%        4
 Flame Wave               Conj/Fire      0%         2d4       100%        4
 Sticky Flame             Conj/Fire      0%         2d3       100%        4
 Summon Lightning Spire   Summ/Air       0%         N/A       100%        4
 Malign Gateway           Summ/Tloc      0%         N/A       100%        7
 Summon Horrible Things   Summ           0%         N/A       100%        8


Dungeon Overview and Level Annotations

Branches:
Dungeon (10/15)            Temple (1/1) D:6
   Lair: D:8-11         Orc: D:9-12

Altars:
Ashenzari
Cheibriados
Dithmenos
Elyvilon
Fedhas
Gozag
Hepliaklqana
Kikubaaqudgha
Makhleb
Nemelex Xobeh
Okawaru
Qazlal
Ru
Sif Muna
Trog
Vehumet
Wu Jian
Xom
Yredelemnul
Zin

Shops:
D:2 (   D:3 =?***

Annotations:
D:6 exclusion: statue
D:10 1 runed translucent door, decrepitude's ghost, journeyman GrHu


Innate Abilities, Weirdness & Mutations

You have a pair of horns on your head.
You reflexively headbutt those who attack you in melee.


Message History

The meliai barely misses you. The meliai attacks as you move away!
You block the meliai's attack.
The meliai stings you but does no damage.
The meliai barely misses you. You block the meliai's attack.
There is an open door here.
The meliai attacks as you move away! The meliai hits you but does no damage.
The meliai stings you.
The meliai calls upon its god to heal the meliai.
The meliai is healed somewhat.
The rat twitches its whiskers.
The death yak snorts and paws the ground.
The meliai calls down the wrath of its god upon you.
Something smites you!
The meliai mumbles some strange prayers to its god against you.
Something smites you!
The meliai invokes the aid of its god against you.
Something smites you! The meliai hits you with a +0 hand axe!
* * * LOW HITPOINT WARNING * * *
You block the meliai's attack. The meliai attacks as you move away!
The meliai hits you but does no damage. You block the meliai's attack.
The meliai hits you but does no damage. The meliai stings you.
* * * LOW HITPOINT WARNING * * *
You are poisoned.
The meliai poisons you!
Okay, then.
Blink to where?
Press: ? - help, Dir - move target
As you read the scroll of blinking, it crumbles to dust.
You feel very sick.
You feel very sick.
The meliai calls upon its god to heal the meliai.
The meliai's wounds heal themselves!
You feel very sick.
The meliai mumbles some strange prayers to its god against you.
Something smites you!
* * * LOW HITPOINT WARNING * * *
The meliai calls down the wrath of its god upon you.
Something smites you!
You die...

#....# #............# #....#
+..y.........#
#....######..............
#....##...............##.
##+##..♣♣♣♣♣♣y........# #....♣♣
♣.##+###### #####+# ##...♣♣ ♣.#
#.....# ##...♣ ♣♣.#+### ##'#####
#####+#.♣♣♣♣♣..@...# ####.......
#..................###..'.......
#......####.###....'...##.......
#......'....# #....######....<..
#......##...###....# #..>....
###########...+....# ########
#####....# ######


You could see 2 meliai.

Vanquished Creatures
  An ugly thing (D:9)
  A manticore (D:9)
  Maggie (D:7)
  Psyche (D:10)
  A meliai (D:9)
  2 wraiths
  A wyvern (D:8)
  A vampire (D:9)
  7 yaks (D:9)
  2 humans (D:8)
  2 steam dragons
  A water moccasin (D:9)
  An orc warrior (D:9)
  A sky beast (D:8)
  2 ice beasts
  2 ogres
  2 centaurs
  4 kobold brigands
  4 bullfrogs
  A gnoll sergeant (D:9)
  A scorpion (D:6)
  16 wights
  10 killer bees (D:9)
  3 jellies
  6 orc priests
  4 hounds
  2 sleepcaps
  Jessica (D:3)
  2 iguanas (D:6)
  10 orc wizards
  2 hell rats (D:10)
  Robin (D:4)
  4 gnolls
  5 adders
  A shadow imp (D:8)
  2 white imps
  A dart slug (D:1)
  24 orcs
  9 endoplasms
  2 giant cockroaches
  11 goblins
  4 hobgoblins
  3 jackals (D:3)
  5 quokkas
  6 ball pythons
  9 bats
  3 frilled lizards
  16 kobolds
  9 rats
210 creatures vanquished.

Vanquished Creatures (others)
  24 plants
24 creatures vanquished.

Grand Total: 234 creatures vanquished

Notes
Turn   | Place    | Note
-------+----------+-------------------------------------------
     0 | D:1      | erloom the Minotaur Fighter began the quest for the Orb.
     0 | D:1      | Reached XP level 1. HP: 19/19 MP: 0/0
    53 | D:1      | Reached skill level 3 in Axes
    78 | D:1      | Found a faded altar of an unknown god.
   126 | D:1      | Reached XP level 2. HP: 26/26 MP: 1/1
   136 | D:1      | Reached skill level 4 in Axes
   359 | D:1      | Reached XP level 3. HP: 29/31 MP: 2/2
   883 | D:2      | Reached skill level 5 in Axes
  1176 | D:2      | Found Keodd's Antique Weapon Shop.
  1293 | D:2      | Reached XP level 4. HP: 39/39 MP: 3/3
  1414 | D:3      | Found Gourenon's Assorted Antiques.
  1423 | D:3      | Bought a scroll labelled GEUNOL MISI for 20 gold pieces
  1423 | D:3      | Bought a scroll labelled ALATUUXKEKK for 20 gold pieces
  1430 | D:3      | Found Siggabud's Assorted Antiques.
  1508 | D:3      | Found Kaifyul's Assorted Antiques.
  1583 | D:3      | Found Angoy's Magic Scroll Shoppe.
  1830 | D:3      | Noticed Jessica
  1840 | D:3      | Killed Jessica
  1841 | D:3      | Reached skill level 6 in Axes
  1921 | D:3      | Found a white marble altar of Elyvilon.
  1924 | D:3      | Found Owno's Jewellery Emporium.
  2207 | D:4      | Reached XP level 5. HP: 41/45 MP: 4/4
  2571 | D:4      | Found a blossoming altar of Fedhas.
  2608 | D:4      | Noticed Robin
  2613 | D:4      | Killed Robin
  2614 | D:4      | Reached skill level 7 in Axes
  2765 | D:4      | Found a glowing silver altar of Zin.
  3143 | D:3      | Bought a slimy golden ring for 90 gold pieces
  3143 | D:3      | Identified the ring "Zismaup Sera" {Fire rElec rCorr Str-5}
                  | (You bought it in a shop on level 3 of the Dungeon)
  3161 | D:5      | Entered Level 5 of the Dungeon
  3353 | D:5      | Noticed an ogre
  3363 | D:5      | Reached XP level 6. HP: 47/51 MP: 5/5
  3368 | D:5      | Reached skill level 8 in Axes
  3538 | D:5      | Noticed an ice beast
  3550 | D:5      | Killed an ice beast
  3551 | D:5      | Reached skill level 9 in Axes
  3631 | D:5      | Found a shadowy altar of Dithmenos.
  3698 | D:5      | Reached XP level 7. HP: 57/58 MP: 6/6
  4087 | D:6      | Found a staircase to the Ecumenical Temple.
  4095 | Temple   | Entered the Ecumenical Temple
  4316 | Temple   | Became a worshipper of Qazlal Stormbringer
  4446 | D:6      | Reached skill level 5 in Fighting
  4541 | D:6      | Reached skill level 10 in Axes
  4554 | D:6      | Reached XP level 8. HP: 38/70 MP: 7/7
  4690 | D:6      | Found a snail-covered altar of Cheibriados.
  5076 | D:6      | Reached * piety under Qazlal
  5098 | D:6      | Found a radiant altar of Vehumet.
  5502 | D:7      | Noticed Maggie
  5506 | D:7      | Reached skill level 1 in Evocations
  5521 | D:7      | Killed Maggie
  5522 | D:7      | Reached skill level 11 in Axes
  5699 | D:7      | Reached skill level 5 in Armour
  6123 | D:7      | Found a burning altar of Makhleb.
  6276 | D:8      | Reached XP level 9. HP: 81/81 MP: 8/8
  6724 | D:8      | Found a hazy altar of Hepliaklqana.
  6905 | D:8      | Found an iron altar of Okawaru.
  6920 | D:8      | Reached ** piety under Qazlal
  6925 | D:8      | Reached skill level 12 in Axes
  7134 | D:8      | Reached skill level 5 in Shields
  7454 | D:9      | Found an opulent altar of Gozag.
  7500 | D:9      | Reached XP level 10. HP: 85/91 MP: 9/9
  7506 | D:9      | Reached skill level 1 in Invocations
  7903 | D:9      | Reached *** piety under Qazlal
  7912 | D:9      | Reached skill level 10 in Fighting
  8058 | D:9      | Reached skill level 13 in Axes
  8152 | D:9      | Noticed a purple ugly thing
  8153 | D:9      | Noticed a manticore
  8169 | D:9      | Killed a manticore
  8170 | D:9      | Killed a purple ugly thing
  8191 | D:9      | Noticed a manticore
  8407 | D:9      | Found a broken altar of Ashenzari.
  8644 | D:9      | Noticed a seven-headed hydra
  8864 | D:10     | Entered Level 10 of the Dungeon
  8864 | D:10     | Noticed decrepitude's ghost (journeyman GrHu)
  8864 | D:10     | Found a runed translucent door.
  8888 | D:10     | Noticed a death yak
  8896 | D:10     | Noticed a death yak
  9234 | D:10     | Noticed Psyche
  9241 | D:10     | Killed Psyche
  9363 | D:10     | Noticed a death yak
  9377 | D:10     | HP: 3/94 [meliai/divine providence (15)]
  9377 | D:10     | Killed from afar by a meliai

Illustrated notes

Levels and vault maps discovered:
D:1:      eino_arrival_cavern_e, layout_loops_ring,
          ebering_ecumenical_altar_ruins
D:2:      layout_basic, serial_shops, shop, serial_forest,
          infiniplex_forest_fountain, infiniplex_forest_pool,
          infiniplex_forest_lined_3, infiniplex_forest_lined_room_3,
          infiniplex_forest_end_double, infiniplex_forest_lined_4_way,
          infiniplex_forest_clump_tiny, infiniplex_forest_clump_long,
          infiniplex_forest_lined_corner
D:3:      layout_loops_cross, old_standard_altar, serial_shops,
          nicolae_shop_rolled_up, nicolae_shop_tiny_glass, shop, shop, shop,
          uniq_jessica
D:4:      layout_loops_ring, mainiacjoe_overflow_surrounded_room,
          general_overflow_altar, uniq_robin
D:5:      layout_loops_ring, mainiacjoe_overflow_tiny_flanked,
          columned_hall_lemuel
D:6:      layout_gridville, vehumet_statue, mainiacjoe_overflow_alcove_1,
          minmay_temple_entry_glassed_door, kennysheep_generic_room_13
D:7:      layout_loops_ring, bloody_makhleb, uniq_maggie
D:8:      layout_basic, okawaru_humans, lemuel_coloured_pillars_altar,
          grunt_ogre_cave, hangedman_abyss_or_decor_lesser_grid
D:9:      minmay_the_grid_triangle_9x9_rhombus_full
          [minmay_the_grid_triangle_9x9_swiss_cheese,
          minmay_the_grid_triangle_9x9_impossible_snake,
          minmay_the_grid_triangle_9x9_corruption,
          minmay_the_grid_triangle_9x9_checkered,
          minmay_the_grid_triangle_9x9_thin_v,
          minmay_the_grid_triangle_9x9_warning,
          minmay_the_grid_triangle_9x9_sprig,
          minmay_the_grid_triangle_9x9_prize_special], layout_long_grid,
          mainiacjoe_overflow_cross_hatched, mainiacjoe_overflow_chevrons
D:10:     layout_roguey, nicolae_tso_swordbearing_angel, lemuel_doored_altar,
          dpeg_lair_monsters, gammafunk_ghost_grave, nrook_campfire, uniq_psyche
Temple:   hellmonk_temple_forest_ring

Skill      XL: |  1  2  3  4  5  6  7  8  9 10 |
---------------+-------------------------------+-----
Axes           | 3 4 5 6 7 9 10 11 12 13 | 13.4
Fighting       | 6 7 9 10 | 10.9
Armour         | 5 7 9 |  9.3
Evocations     | 2 |  2.0
Shields        | 5 |  5.0
Invocations    | 4 |  4.3

Action                     |  1- 3 |  4- 6 |  7- 9 | 10-12 || total
---------------------------+-------+-------+-------+-------++-------
  Melee: War axe           |    92 |    76 |   280 |   136 ||   584
         Headbutt          |     6 |    12 |    55 |    33 ||   106
 Invoke: Upheaval          |       |       |       |     3 ||     3
    Use: Scroll            |       |     7 |     7 |     8 ||    22
         Potion            |       |     1 |     1 |     1 ||     3
 Armour: Scale mail        |    24 |     8 |       |       ||    32
         Chain mail        |       |     9 |       |       ||     9
         Plate armour      |       |     2 |    85 |    70 ||   157
  Dodge: Dodged            |    77 |    41 |   132 |    73 ||   323
  Block: Buckler           |    22 |    14 |    70 |    73 ||   179

Table legend: (Time is in decaauts)
 A = Elapsed time spent in this place.
 B = Non-inter-level travel time spent in this place.
 C = Inter-level travel time spent in this place.
 D = Time resting spent in this place.
 E = Time spent auto-exploring this place.
 F = Levels seen in this place.
 G = Mean time per level.
                   A        B        C        D        E       F      G
               +--------+--------+--------+--------+--------+-----+--------+
         Total |   9414 |   9058 |    356 |   1826 |   5217 |  11 |  855.8 |
       Dungeon |   9177 |   8829 |    348 |   1826 |   5096 |  10 |  917.7 |
        Temple |    236 |    228 |      8 |      0 |    121 |   1 |  236.0 |
               +--------+--------+--------+--------+--------+-----+--------+

Top non-repeatable levels by time:
     D:9: 1908 daAuts
     D:6: 1085 daAuts
     D:4: 973 daAuts
     D:8: 914 daAuts
     D:5: 912 daAuts
     D:7: 890 daAuts
     D:3: 786 daAuts
     D:1: 776 daAuts
     D:2: 666 daAuts
    D:10: 263 daAuts
  Temple: 236 daAuts
